 Dungeon Crawl Stone Soup version 0.28-b1-38-gff268fdeb9 (webtiles) character file.

Game seed: 10306502702326933365

55 Descartes the Grasshopper (level 3, 0/16 HPs)
             Began as a Felid Warper on Feb 3, 2022.
             Slain by a jackal (3 damage)
             ... on level 2 of the Dungeon.
             The game lasted 00:03:03 (2108 turns).

Descartes the Grasshopper (Felid Warper)            Turns: 2108, Time: 00:03:04

Health: 0/16       AC:  1    Str:  9    XL:     3   Next: 67%
Magic:  7/7        EV: 18    Int: 14    God:
Gold:   48         SH:  0    Dex: 15    Spells: 4/6 levels left
                                        Lives:  0   Deaths: 0

rFire   . . .      SeeInvis +     - Unarmed
rCold   . . .      Faith    .   (shield unavailable)
rNeg    . . .      Spirit   .   (armour unavailable)
rPois   .          Reflect  .   (helmet unavailable)
rElec   .          Harm     .   (cloak unavailable)
rCorr   .          Rampage  .   (gloves unavailable)
Will    .....                   (boots unavailable)
Stlth   ++........              (no amulet)
HPRegen 0.05/turn               (no ring)
MPRegen 0.10/turn               (no ring)

@: quick
A: very small, claws 1, fangs 3, see invisible, speed 1, shaggy fur 1, stealthy
paws, no weapons or thrown items, no armour, multi-lived
a: no special abilities


You were on level 2 of the Dungeon.
You visited 1 branch of the dungeon, and saw 2 of its levels.

You collected 48 gold pieces.

Inventory:

Missiles
 c - 63 stones
Scrolls
 a - a scroll of blinking
 b - a scroll of identify {unknown}
 d - a scroll of fear {unknown}
Potions
 e - a potion of berserk rage {unknown}


   Skills:
 - Level 2.0 Fighting
 + Level 4.4 Dodging
 + Level 3.0 Stealth
 - Level 2.0 Unarmed Combat
 - Level 2.0 Spellcasting
 - Level 5.0 Translocations


You had 4 spell levels left.
You knew the following spells:

 Your Spells              Type           Power      Damage    Failure   Level
a - Blink                 Tloc           30%        N/A       4%          2

Your spell library contained the following spells:

 Spells                   Type           Power      Damage    Failure   Level
 Gell's Gravitas          Tloc           15%        N/A       9%          3
 Lesser Beckoning         Tloc           15%        N/A       9%          3
 Teleport Other           Tloc           15%        N/A       9%          3
 Manifold Assault         Tloc           15%        N/A       63%         5


Dungeon Overview and Level Annotations

Branches:
Dungeon (2/15)

Altars:


Innate Abilities, Weirdness & Mutations

You have sharp claws.
You have razor-sharp teeth.
You have supernaturally acute eyesight. (SInv)
You cover ground quickly. (Speed+)
You are covered in fur. (AC +1)
Your paws help you pounce on unaware monsters.
You are incapable of wielding weapons or throwing items.
You cannot wear armour.
You gain extra lives every three experience levels.


Message History

You are too injured to fight recklessly!
You are too injured to fight recklessly!
You are too injured to fight recklessly!
You are too injured to fight recklessly!
You are too injured to fight recklessly!
You are too injured to fight recklessly!
You are too injured to fight recklessly!
You are too injured to fight recklessly!
You are too injured to fight recklessly!
You scratch the adder.
You kill the adder!
A jackal comes into view.
The jackal barely misses you.
Your Stealth skill increases to level 3!
The jackal completely misses you.
A jackal comes into view.
The jackal barks!
You scratch the jackal.
The jackal is moderately wounded.
The jackal bites you but does no damage.
The jackal closely misses you.
You scratch the jackal but do no damage.
You bite the jackal, but do no damage.
The jackal is moderately wounded.
The jackal misses you.
You closely miss the jackal.
The jackal is moderately wounded.
The jackal bites you.
You barely miss the jackal. Your bite misses the jackal.
The jackal is moderately wounded.
The jackal bites you.
* * * LOW HITPOINT WARNING * * *
The jackal barely misses you.
You barely miss the jackal.
The jackal is moderately wounded.
The jackal barely misses you.
You completely miss the jackal. You bite the jackal, but do no damage.
The jackal is moderately wounded.
The jackal bites you.
You die...

#...#...#####.##
#.#####.....[..#
#...#...#####..#
##..#.###
####....#
#.......#
#.##.#..##
#.....######.####
#.###.hhh@.......
#. #.###########
# #.# h.# #.## #.
#. #>


You could see 3 jackals.

Vanquished Creatures
  2 adders (D:2)
  3 ball pythons (D:1)
  4 bats
  An endoplasm (D:1)
  2 giant cockroaches
  2 goblins (D:1)
  2 hobgoblins (D:1)
  7 jackals
  6 kobolds
  A frilled lizard (D:2)
  A rat (D:1)
31 creatures vanquished.

Vanquished Creatures (others)
  4 plants (D:1)
4 creatures vanquished.

Grand Total: 35 creatures vanquished

Notes
Turn   | Place    | Note
-------+----------+-------------------------------------------
     0 | D:1      | Descartes the Felid Warper began the quest for the Orb.
     0 | D:1      | Reached XP level 1. HP: 9/9 MP: 4/4
   533 | D:1      | Reached skill level 1 in Stealth
   616 | D:1      | Reached XP level 2. HP: 13/13 MP: 6/6
  1338 | D:1      | Found a faded altar of an unknown god.
  1638 | D:1      | Reached skill level 5 in Translocations
  1774 | D:2      | Reached XP level 3. HP: 14/16 MP: 7/7
  2076 | D:2      | Learned a level 2 spell: Blink
  2108 | D:2      | Slain by a jackal

Illustrated notes

Levels and vault maps discovered:
D:1:      lightli_arrival_noodles, layout_basic, serial_corexii_hall,
          corexii_hall_statues_deadend, corexii_hall_statues_deadend,
          dilly_ecumenical_altar_fadedgnrine
D:2:      layout_loops_ring

Skill      XL: |  1  2  3 |
---------------+----------+-----
Stealth        | 1 2 3 |  3.0
Translocations | 5 |  5.0
Dodging        | 4 |  4.4
Fighting       | |  2.0
Unarmed Combat | |  2.0
Spellcasting   | |  2.0

Action                   || total
-------------------------++-------
Melee: Unarmed           ||   119
       Bite              ||    12
       Punch             ||     2
 Stab: Sleeping          ||     3
Armor: Skin              ||     6
Dodge: Dodged            ||   119
